TOP OF THE 1ST |
Niagara Falls Frenzy batting - Pitching for Vista Panthers : RHP Jim Hendon
|
Pitching: RHP Jim Hendon
|
|
Batting: RHB Kel Pierce
|
0-0: Foul Ball, location: 2F 0-1: Ball 1-1: Ground out 1-3 (Groundball, 13S)
|
Batting: RHB Zander Tremblett
|
0-0: Fly out, F5 (Line Drive, 56)
|
Batting: RHB Troy Lau
|
0-0: Called Strike 0-1: Ball 1-1: Ball 2-1: Reached on error, E6 (Groundball, 6)
|
Batting: LHB Clyde Yarbrough
|
0-0: Ball 1-0: Fielders Choice at 2nd, 4-6 (Groundball, 4)
|
Top of the 1st over - 0 run(s), 0 hit(s), 1 error(s), 0 left on base; Niagara Falls 0 - Vista 0 |
BOTTOM OF THE 1ST |
Vista Panthers batting - Pitching for Niagara Falls Frenzy : RHP Ed Jones
|
Pitching: RHP Ed Jones
|
|
Batting: RHB António López
|
0-0: Called Strike 0-1: Fly out, F7 (Line Drive, 7)
|
Batting: RHB Stephen Wilson
|
0-0: DOUBLE (Flyball, 9D)
|
Batting: LHB Brent Alonzo
|
0-0: Fly out, F7 (Flyball, 7LM)
|
Batting: LHB Juan Cortés
|
0-0: Called Strike 0-1: Ball 1-1: Ball 2-1: Foul Ball, location: 2F 2-2: Ball 3-2: Foul Ball, location: 2F 3-2: Ground out 1-3 (Groundball, 13S)
|
Bottom of the 1st over - 0 run(s), 1 hit(s), 0 error(s), 1 left on base; Niagara Falls 0 - Vista 0 |
TOP OF THE 2ND |
Niagara Falls Frenzy batting - Pitching for Vista Panthers : RHP Jim Hendon
|
Batting: RHB Anastasio Villa
|
0-0: Fly out, F8 (Flyball, 8LD)
|
Batting: LHB Yasuhiko Onodera
|
0-0: Ball 1-0: Ball 2-0: Ball 3-0: Called Strike 3-1: Base on Balls
|
Batting: SHB Héctor Padilla
|
0-0: Ball 1-0: Called Strike 1-1: Ball 2-1: Foul Ball, location: 2F 2-2: Foul Ball, location: 2F 2-2: Fielders Choice at 2nd, 4-6 (Groundball, 34)
|
Batting: RHB Jung-ha Kim
|
0-0: Ball 1-0: Called Strike 1-1: Ball 2-1: DOUBLE (Groundball, 5L) Héctor Padilla to third Runner from 3rd tries for Home, SAFE, no throw
|
Batting: RHB Tomás Estrada
|
0-0: Ball 1-0: Ball 2-0: Foul Ball, location: 2F 2-1: Ball 3-1: Base on Balls
|
Batting: RHB Kel Pierce
|
0-0: Called Strike 0-1: Swinging Strike 0-2: Ball 1-2: Strikes out swinging
|
Top of the 2nd over - 1 run(s), 1 hit(s), 0 error(s), 2 left on base; Niagara Falls 1 - Vista 0 |
BOTTOM OF THE 2ND |
Vista Panthers batting - Pitching for Niagara Falls Frenzy : RHP Ed Jones
|
Batting: RHB Alfredo Rivera
|
0-0: Called Strike 0-1: Ball 1-1: Called Strike 1-2: Ball 2-2: Foul Ball, location: 2F 2-2: Fly out, F9 (Flyball, 9S)
|
Batting: RHB Cisco Gatán
|
0-0: Ball 1-0: Foul Ball, location: 2F 1-1: Ball 2-1: Swinging Strike 2-2: Foul Ball, location: 2F 2-2: Ball 3-2: Base on Balls
|
Batting: LHB Bob Cunningham
|
0-0: Called Strike 0-1: Ball 1-1: Ball 2-1: Fielders Choice at 2nd, 3-6 (Groundball, 3)
|
Batting: RHB Phil Matthews
|
0-0: Foul Ball, location: 2F 0-1: Ball 1-1: Swinging Strike 1-2: Ground out 6-3 (Groundball, 6)
|
Bottom of the 2nd over - 0 run(s), 0 hit(s), 0 error(s), 1 left on base; Niagara Falls 1 - Vista 0 |
TOP OF THE 3RD |
Niagara Falls Frenzy batting - Pitching for Vista Panthers : RHP Jim Hendon
|
Batting: RHB Zander Tremblett
|
0-0: Ball 1-0: Called Strike 1-1: Foul Ball, location: 2F 1-2: Strikes out swinging
|
Batting: RHB Troy Lau
|
0-0: Ball 1-0: Swinging Strike 1-1: Ball 2-1: Foul Ball, location: 2F 2-2: Ball 3-2: Foul Ball, location: 2F 3-2: Strikes out swinging
|
Batting: LHB Clyde Yarbrough
|
0-0: Called Strike 0-1: Ball 1-1: Fly out, F7 (Flyball, 7D)
|
Top of the 3rd over - 0 run(s), 0 hit(s), 0 error(s), 0 left on base; Niagara Falls 1 - Vista 0 |
BOTTOM OF THE 3RD |
Vista Panthers batting - Pitching for Niagara Falls Frenzy : RHP Ed Jones
|
Batting: RHB Justin Burgess
|
0-0: Ball 1-0: Called Strike 1-1: Called Strike 1-2: Strikes out swinging
|
Batting: RHB António López
|
0-0: Ball 1-0: Foul Ball, location: 2F 1-1: SINGLE (Line Drive, 89S)
|
Batting: RHB Stephen Wilson
|
0-0: Called Strike 0-1: Grounds into double play, 5-4-3 (Groundball, 56)
|
Bottom of the 3rd over - 0 run(s), 1 hit(s), 0 error(s), 0 left on base; Niagara Falls 1 - Vista 0 |
TOP OF THE 4TH |
Niagara Falls Frenzy batting - Pitching for Vista Panthers : RHP Jim Hendon
|
Batting: RHB Anastasio Villa
|
0-0: Ground out 4-3 (Groundball, 4S)
|
Batting: LHB Yasuhiko Onodera
|
0-0: Ball 1-0: Foul Ball, location: 2F 1-1: Ball 2-1: Ground out U3 (Groundball, 3)
|
Batting: SHB Héctor Padilla
|
0-0: Swinging Strike 0-1: Ball 1-1: Ball 2-1: Called Strike 2-2: Strikes out looking
|
Top of the 4th over - 0 run(s), 0 hit(s), 0 error(s), 0 left on base; Niagara Falls 1 - Vista 0 |
BOTTOM OF THE 4TH |
Vista Panthers batting - Pitching for Niagara Falls Frenzy : RHP Ed Jones
|
Batting: LHB Brent Alonzo
|
0-0: Ball 1-0: Ball 2-0: Called Strike 2-1: Foul Ball, location: 2F 2-2: Fly out, F8 (Line Drive, 8LS)
|
Batting: LHB Juan Cortés
|
0-0: Fly out, F7 (Flyball, 7)
|
Batting: RHB Alfredo Rivera
|
0-0: Ball 1-0: Hit by Pitch
|
Batting: RHB Cisco Gatán
|
0-0: Fielders Choice at 2nd, 4-6 (Groundball, 4)
|
Bottom of the 4th over - 0 run(s), 0 hit(s), 0 error(s), 0 left on base; Niagara Falls 1 - Vista 0 |
TOP OF THE 5TH |
Niagara Falls Frenzy batting - Pitching for Vista Panthers : RHP Jim Hendon
|
Batting: RHB Jung-ha Kim
|
0-0: Ball 1-0: SOLO HOME RUN (Flyball, 7LD), Distance : 435 ft
|
Batting: RHB Tomás Estrada
|
0-0: Fly out, F4 (Line Drive, 4)
|
Batting: RHB Kel Pierce
|
0-0: Foul Ball, location: 2F 0-1: SINGLE (Flyball, 7S)
|
Batting: RHB Zander Tremblett
|
0-0: Ball Kel Pierce steals 2nd base 1-0: Ball 2-0: Ball 3-0: Called Strike 3-1: Base on Balls
|
Batting: RHB Troy Lau
|
0-0: Called Strike 0-1: Foul Ball, location: 2F 0-2: Strikes out looking
|
Batting: LHB Clyde Yarbrough
|
0-0: Ball 1-0: Ground out 5-3 (Groundball, 56S)
|
Top of the 5th over - 1 run(s), 2 hit(s), 0 error(s), 2 left on base; Niagara Falls 2 - Vista 0 |
BOTTOM OF THE 5TH |
Vista Panthers batting - Pitching for Niagara Falls Frenzy : RHP Ed Jones
|
Batting: LHB Bob Cunningham
|
0-0: Called Strike 0-1: Swinging Strike 0-2: Ground out 6-3 (Groundball, 6)
|
Batting: RHB Phil Matthews
|
0-0: Foul Ball, location: 2F 0-1: Swinging Strike 0-2: Ball 1-2: Ground out 1-3 (Groundball, 13)
|
Batting: RHB Justin Burgess
|
0-0: Ball 1-0: Foul Ball, location: 2F 1-1: Called Strike 1-2: Ball 2-2: Strikes out looking
|
Bottom of the 5th over - 0 run(s), 0 hit(s), 0 error(s), 0 left on base; Niagara Falls 2 - Vista 0 |
TOP OF THE 6TH |
Niagara Falls Frenzy batting - Pitching for Vista Panthers : RHP Jim Hendon
|
Batting: RHB Anastasio Villa
|
0-0: Foul Ball, location: 2F 0-1: Ball 1-1: SINGLE (Flyball, 78S)
|
Batting: LHB Yasuhiko Onodera
|
0-0: Ball 1-0: Called Strike 1-1: Ball 2-1: Swinging Strike 2-2: Strikes out swinging
|
Batting: SHB Héctor Padilla
|
0-0: Fly out, F4 (Line Drive, 4)
|
Batting: RHB Jung-ha Kim
|
0-0: Ball 1-0: Fly out, F8 (Flyball, 8RM)
|
Top of the 6th over - 0 run(s), 1 hit(s), 0 error(s), 1 left on base; Niagara Falls 2 - Vista 0 |
BOTTOM OF THE 6TH |
Vista Panthers batting - Pitching for Niagara Falls Frenzy : RHP Ed Jones
|
Batting: RHB António López
|
0-0: Ground out 6-3 (Groundball, 56)
|
Batting: RHB Stephen Wilson
|
0-0: Called Strike 0-1: Foul Ball, location: 2F 0-2: Foul Ball, location: 2F 0-2: Ball 1-2: Foul Ball, location: 2F 1-2: Ball 2-2: Fly out, F9 (Flyball, 9S)
|
Batting: LHB Brent Alonzo
|
0-0: Foul Ball, location: 2F 0-1: Ball 1-1: Ball 2-1: Foul Ball, location: 2F 2-2: Strikes out swinging
|
Bottom of the 6th over - 0 run(s), 0 hit(s), 0 error(s), 0 left on base; Niagara Falls 2 - Vista 0 |
TOP OF THE 7TH |
Niagara Falls Frenzy batting - Pitching for Vista Panthers : RHP Jim Hendon
|
Batting: RHB Tomás Estrada
|
0-0: Ball 1-0: Called Strike 1-1: Ball 2-1: Swinging Strike 2-2: Foul Ball, location: 2F 2-2: Ground out 4-3 (Groundball, 34)
|
Batting: RHB Kel Pierce
|
0-0: Called Strike 0-1: Ball 1-1: Swinging Strike 1-2: Strikes out swinging
|
Batting: RHB Zander Tremblett
|
0-0: Ball 1-0: Ball 2-0: Ball 3-0: Called Strike 3-1: Fly out, F8 (Line Drive, 8LM)
|
Top of the 7th over - 0 run(s), 0 hit(s), 0 error(s), 0 left on base; Niagara Falls 2 - Vista 0 |
BOTTOM OF THE 7TH |
Vista Panthers batting - Pitching for Niagara Falls Frenzy : RHP Ed Jones
|
Batting: LHB Juan Cortés
|
0-0: Foul Ball, location: 2F 0-1: Ball 1-1: SOLO HOME RUN (Flyball, 9LD), Distance : 327 ft
|
Batting: RHB Alfredo Rivera
|
0-0: Foul Ball, location: 2F 0-1: Ball 1-1: Ground out 5-3 (Groundball, 56S)
|
Batting: RHB Cisco Gatán
|
0-0: Foul Ball, location: 2F 0-1: SINGLE (Groundball, 4MD)
|
Batting: LHB Bob Cunningham
|
0-0: Ball 1-0: Ball Wild Pitch! Cisco Gatán to second 2-0: Called Strike 2-1: Ground out 4-3 (Groundball, 34D) Cisco Gatán to third
|
Batting: RHB Phil Matthews
|
0-0: Called Strike 0-1: Ball 1-1: Foul Ball, location: 2F 1-2: Strikes out looking
|
Bottom of the 7th over - 1 run(s), 2 hit(s), 0 error(s), 1 left on base; Niagara Falls 2 - Vista 1 |
TOP OF THE 8TH |
Niagara Falls Frenzy batting - Pitching for Vista Panthers : RHP Jim Hendon
|
Pitching: RHP António López
|
|
Batting: RHB Troy Lau
|
0-0: Foul Ball, location: 2F 0-1: Called Strike 0-2: Ball 1-2: Strikes out swinging
|
Pitching: LHP António Martínez
|
|
Batting: LHB Clyde Yarbrough
|
0-0: Ball 1-0: Foul Ball, location: 2F 1-1: Fly out, F9 (Flyball, 9)
|
Batting: RHB Anastasio Villa
|
0-0: Called Strike 0-1: Swinging Strike 0-2: Ball 1-2: Ball 2-2: Strikes out looking
|
Top of the 8th over - 0 run(s), 0 hit(s), 0 error(s), 0 left on base; Niagara Falls 2 - Vista 1 |
BOTTOM OF THE 8TH |
Vista Panthers batting - Pitching for Niagara Falls Frenzy : RHP Ed Jones
|
Pitching: RHP Kimitada Takai
|
|
Batting: RHB Justin Burgess
|
0-0: Ball 1-0: Ball 2-0: Fly out, F3 (Flyball, 3D)
|
Pitching: RHP Jesse Green
|
|
Batting: RHB António López
|
0-0: TRIPLE (Line Drive, 89M)
|
Batting: RHB Stephen Wilson
|
0-0: Called Strike 0-1: Ball 1-1: Foul Ball, location: 2F 1-2: Ball 2-2: Ball 3-2: DOUBLE (Flyball, 9LM) António López scores
|
Batting: LHB Brent Alonzo
|
0-0: Ball 1-0: Ball 2-0: Called Strike 2-1: Ball 3-1: Foul Ball, location: 2F 3-2: Foul Ball, location: 2F 3-2: Base on Balls
|
Batting: LHB Juan Cortés
|
0-0: Called Strike 0-1: Foul Ball, location: 2F 0-2: Ball 1-2: Foul Ball, location: 2F 1-2: DOUBLE (Groundball, 3L) Stephen Wilson scores Brent Alonzo to third
|
Batting: RHB Alfredo Rivera
|
0-0: Intentional Walk
|
Batting: RHB Cisco Gatán
|
0-0: Ball 1-0: Foul Ball, location: 2F 1-1: Ball 2-1: Ball 3-1: Called Strike 3-2: DOUBLE (Line Drive, 7LD) Brent Alonzo scores Juan Cortés scores Alfredo Rivera to third Runner from 3rd tries for Home, SAFE, throw made home
|
Batting: LHB Bob Cunningham
|
0-0: Intentional Walk
|
Pitching: RHP George Nelson
|
|
Batting: RHB Phil Matthews
|
0-0: Called Strike 0-1: Called Strike 0-2: Fly out, F7 (Flyball, 78M)
|
Batting: RHB Justin Burgess
|
0-0: Ball 1-0: Called Strike 1-1: Swinging Strike 1-2: Ball 2-2: Foul Ball, location: 2F 2-2: Foul Ball, location: 2F 2-2: Strikes out swinging
|
Bottom of the 8th over - 5 run(s), 4 hit(s), 0 error(s), 2 left on base; Niagara Falls 2 - Vista 6 |
TOP OF THE 9TH |
Niagara Falls Frenzy batting - Pitching for Vista Panthers : LHP António Martínez
|
Pitching: RHP Alonso Gallardo
|
|
Batting: LHB Yasuhiko Onodera
|
0-0: Foul Ball, location: 2F 0-1: Reached on error, E7 (Flyball, 7S)
|
Batting: SHB Héctor Padilla
|
0-0: Called Strike 0-1: Fly out, F8 (Flyball, 8RS)
|
Batting: RHB Jung-ha Kim
|
0-0: Called Strike 0-1: Called Strike 0-2: Strikes out swinging
|
Batting: RHB Tomás Estrada
|
0-0: Swinging Strike 0-1: Ball 1-1: Ball 2-1: Ball 3-1: Fly out, F8 (Flyball, 8RS)
|
Top of the 9th over - 0 run(s), 0 hit(s), 1 error(s), 1 left on base; Niagara Falls 2 - Vista 6 |
|